 Dungeon Crawl Stone Soup version 0.26-a0-547-g695e311587 (webtiles) character file.

Game seed: 11629628365168087223

65 Aksej the Chopper (level 3, -20/30 HPs)
             Began as a Minotaur Gladiator on Aug 20, 2020.
             Engulfed by a cloud of flame (21 damage)
             ... on level 3 of the Dungeon.
             The game lasted 00:03:38 (1701 turns).

Aksej the Chopper (Minotaur Gladiator)              Turns: 1701, Time: 00:03:38

Health: -20/30     AC:  5    Str: 18    XL:     3   Next: 94%
Magic:  2/2        EV: 12    Int:  5    God:
Gold:   87         SH:  0    Dex: 12    Spells: 2/2 levels left

rFire    . . .     SeeInvis .   a - +0 war axe
rCold    . . .     Faith    .   (no shield)
rNeg     . . .     Spirit   .   g - +0 ring mail
rPois    .         Reflect  .   c - +0 hat
rElec    .         Harm     .   (no cloak)
rCorr    .                      (no gloves)
MR       .....                  (no boots)
Stlth    +.........             (no amulet)
HPRegen  0.10/turn              (no ring)
MPRegen  0.08/turn              (no ring)

@: no status effects
A: retaliatory headbutt, horns 2
a: no special abilities


You were on level 3 of the Dungeon.
You visited 1 branch of the dungeon, and saw 3 of its levels.

You collected 87 gold pieces.

Inventory:

Hand Weapons
 a - a +0 war axe (weapon)
Missiles
 d - 3 throwing nets (quivered)
Armour
 c - a +0 hat (worn)
 g - a +0 ring mail (worn)
 l - a scarf of harm
Scrolls
 b - a scroll of amnesia
 i - 3 scrolls of enchant weapon
Potions
 f - a potion of magic
 h - a potion of degeneration {unknown}
 j - a potion of resistance
 k - a potion of curing


   Skills:
 * Level 2.9 Fighting
 * Level 5.0 Axes
 + Level 2.1 Throwing
 + Level 0.4 Armour
 + Level 3.9 Dodging


You had 2 spell levels left.
You didn't know any spells.
Your spell library was empty.

Dungeon Overview and Level Annotations

Branches:
Dungeon (3/15)

Altars:
Okawaru


Innate Abilities, Weirdness & Mutations

You reflexively headbutt those who attack you in melee.
You have a pair of horns on your head.


Message History

The goblin struggles against the net.
The goblin struggles against the net.
The goblin struggles against the net.
You hit the goblin.
Flame seeps out of the goblin.
The goblin is moderately wounded.
The goblin is engulfed in blazing flames.
The goblin explodes!
The fiery explosion engulfs you!
Ouch! That really hurt!
You hear a shout! x2; You hear an angry hiss.
You hear a shout!
Unknown command.
Unknown command.
You are engulfed in blazing flames.
* * * LOW HITPOINT WARNING * * *
Things that are here:
a +0 dagger; 2 throwing nets; a throwing net
d - a throwing net;
d - 3 throwing nets (gained 2)
You are engulfed in blazing flames.
Ouch! That really hurt!
You die...

#.......#
#.......#
#.......#
#.......#
#.......#
##.......####.
+....§§§......
...##...§@§.#
#.......§§§##
.#####..#.#
#<.....#.#
######.#.#
..#.# ###.# .#


There were no monsters in sight!

Vanquished Creatures
  A gnoll (D:2)
  An adder (D:2)
  An ooze (D:1)
  2 dart slugs (D:1)
  An orc (D:2)
  A ball python (D:1)
  3 bats (D:1)
  4 giant cockroaches
  8 goblins
  6 hobgoblins
  2 kobolds (D:2)
  A frilled lizard (D:2)
  A rat (D:2)
32 creatures vanquished.

Notes
Turn   | Place    | Note
-------+----------+-------------------------------------------
     0 | D:1      | Aksej the Minotaur Gladiator began the quest for the Orb.
     0 | D:1      | Reached XP level 1. HP: 18/18 MP: 0/0
   159 | D:1      | Reached skill level 4 in Axes
   180 | D:1      | Reached XP level 2. HP: 18/25 MP: 1/1
   862 | D:2      | Reached XP level 3. HP: 30/30 MP: 2/2
  1312 | D:2      | Found an iron altar of Okawaru.
  1316 | D:2      | Reached skill level 5 in Axes
  1700 | D:3      | HP: 1/30 [cloud of flame (13)]
  1701 | D:3      | Engulfed by a cloud of flame

Illustrated notes

Levels and vault maps discovered:
D:1:      minmay_arrival_wavy_path, layout_basic
D:2:      layout_basic, okawaru_altar_gauntlet_db
D:3:      minmay_general_purpose_star, layout_basic, lemuel_doored_altar,
          grunt_qazlal_clouds, marbit_many_paths, portal_sewer_entry_e,
          grunt_decor_clamped, kennysheep_decorative_pillar

Skill      XL: |  1  2  3 |
---------------+----------+-----
Axes           | 4 5 |  5.0
Fighting       | |  2.9
Throwing       | |  2.1
Armour         | |  0.4
Dodging        | |  3.9

Action                   || total
-------------------------++-------
Melee: War axe           ||    54
       Headbutt          ||    10
Throw: Throwing net      ||     3
  Use: Scroll            ||     8
Armor: Leather armour    ||     6
       Ring mail         ||    13
Dodge: Dodged            ||    37

Table legend: (Time is in decaauts)
 A = Elapsed time spent in this place.
 B = Non-inter-level travel time spent in this place.
 C = Inter-level travel time spent in this place.
 D = Time resting spent in this place.
 E = Time spent auto-exploring this place.
 F = Levels seen in this place.
 G = Mean time per level.
                   A        B        C        D        E       F      G
               +--------+--------+--------+--------+--------+-----+--------+
         Total |   1715 |   1673 |     42 |      0 |   1502 |   3 |  571.7 |
       Dungeon |   1715 |   1673 |     42 |      0 |   1502 |   3 |  571.7 |
               +--------+--------+--------+--------+--------+-----+--------+

Top non-repeatable levels by time:
     D:2: 863 daAuts
     D:1: 839 daAuts
     D:3: 11 daAuts
